 Dungeon Crawl Stone Soup version 0.32-a0-886-g41c5271027 (webtiles) character file.

Game seed: 10534759770644300290

666 Elsrick the Magician (level 7, -32/48 HPs)
             Began as a Mummy Necromancer on Mar 30, 2024.
             Was an Initiate of Makhleb.
             Killed by an exploding iguana (37 damage)
             ... ignited by their inner flame
             ... on level 6 of the Dungeon on Apr 2, 2024.
             The game lasted 00:22:23 (3129 turns).

Elsrick the Magician (Mummy Necromancer)            Turns: 3129, Time: 00:22:24

Health: -32/48     AC:  9    Str: 11    XL:     7   Next: 31%
Magic:  12/16      EV: 11    Int: 19    God:    Makhleb [......]
Gold:   296        SH:  0    Dex: 12    Spells: 10/18 levels left

rFire   x x .        h - +6 rapier of Brawling {elec, SInv}
rCold   + + .        (no shield)
rNeg    + + +        a - +0 robe
rPois   ∞            j - +1 helmet "Vusarch" {Will- Int+2 SInv}
rElec   .            (no cloak)
rCorr   .            f - +0 pair of gloves
SInv    +            (no boots)
Will    .....        (no amulet)
Stlth   ++           m - +4 ring of protection
HPRegen 0.28/turn    l - ring of ice
MPRegen 0.15/turn

%: faith
@: animating dead
A: cold resistance 1, negative energy resistance 3, torment resistance 2, heat
vulnerability 1, in touch with death 1, no potions, faith
a: Renounce Religion


You were on level 6 of the Dungeon.
You worshipped Makhleb.
Makhleb was noncommittal.
You visited 2 branches of the dungeon, and saw 7 of its levels.

You collected 296 gold pieces.

Inventory:

Hand Weapons
 h - the +6 rapier of Brawling (weapon) {elec, SInv}
   (You found it on level 2 of the Dungeon)

   SInv:      It lets you see invisible.
Armour
 a - a +0 robe (worn)
 f - a +0 pair of gloves (worn)
 j - the +1 helmet "Vusarch" (worn) {Will- Int+2 SInv}
   (You took it off Robin on level 2 of the Dungeon)

   Int+2:     It affects your intelligence (+2).
   Will-:     It decreases your willpower.
   SInv:      It lets you see invisible.
Jewellery
 l - a ring of ice (right hand)
 m - a +4 ring of protection (left hand)
 n - a ring of flight
Scrolls
 b - 2 scrolls of revelation {unknown}
 c - 2 scrolls of immolation
 d - 3 scrolls of identify {unknown}
 e - a scroll of enchant weapon {unknown}
 g - a scroll of blinking {unknown}
 i - a scroll of enchant armour {unknown}
 k - a scroll of noise {unknown}
 o - a scroll of fog {unknown}
 p - a scroll of poison {unknown}
 q - a scroll of amnesia {unknown}


   Skills:
 + Level 1.2 Fighting
 + Level 2.4 Short Blades
 + Level 2.7 Dodging
 + Level 1.9 Stealth
 + Level 6.1 Spellcasting
 + Level 6.0 Necromancy


You had 10 spell levels left.
You knew the following spells:

 Your Spells              Type           Power      Damage    Failure   Level
a - Necrotise             Necr           100%       1d9       1%          1
b - Frozen Ramparts       Ice            16%        1d3       32%         3
c - Animate Dead          Necr           43%        N/A       10%         4

Your spell library contained the following spells:

 Spells                   Type           Power      Damage    Failure   Level
 Vampiric Draining        Necr           43%        2d9       2%          3
 Curse of Agony           Necr           43%        N/A       26%         5
 Ozocubu's Armour         Ice            8%         N/A       32%         3
 Metabolic Englaciation   Hex/Ice        4%         N/A       97%         5


Dungeon Overview and Level Annotations

Branches:
Dungeon (6/15)             Temple (1/1) D:4

Altars:
Ashenzari
Cheibriados
Dithmenos
Fedhas
Hepliaklqana
Makhleb
Nemelex Xobeh
Qazlal
Ru
Sif Muna
Uskayaw
Vehumet
Wu Jian
Xom

Shops:
D:1 [   D:2 *


Innate Abilities, Weirdness & Mutations

You are immune to poison.
Your flesh is cold resistant. (rC+)
You are immune to negative energy. (rN+++)
You are immune to unholy pain and torment.
You are vulnerable to heat. (rF-)
You are in touch with the powers of death.
You do not drink.
You have a special connection with the divine. (Faith)


Message History

The iguana is severely wounded.
The black bear barely misses you. The black bear closely misses you.
The black bear claws you but does no damage.
The kobold brigand barely misses you. The iguana misses you.
The iguana closely misses you.
You completely miss the iguana.
The iguana is severely wounded.
The iguana hisses menacingly.
The iguana barely misses you. The black bear bites you.
The black bear claws you. The black bear barely misses you.
The kobold brigand hits you but does no damage.
The iguana bites you!
* * * LOW HITPOINT WARNING * * *
Okay, then.
As you read the scroll labelled DAOR ZIQUCS, it crumbles to dust.
The creatures around you are filled with an inner flame!
It was a scroll of immolation.
The iguana misses you. The black bear barely misses you.
The black bear claws you but does no damage.
The black bear barely misses you.
The kobold brigand hits you with a +1 short sword of venom.
* * * LOW HITPOINT WARNING * * *
The iguana misses you.
You hit the iguana.
Flame seeps out of the iguana.
The iguana is moderately wounded.
The black bear bites you.
* * * LOW HITPOINT WARNING * * *
The black bear claws you.
* * * LOW HITPOINT WARNING * * *
The black bear claws you.
* * * LOW HITPOINT WARNING * * *
The kobold brigand hits you but does no damage.
The iguana is engulfed in blazing flames.
Makhleb accepts your kill.
The iguana explodes!
The fiery explosion engulfs the iguana!!
Makhleb accepts your kill. The fiery explosion engulfs you!!!
The fire burns you terribly!
Ouch! That really hurt!
You die...

...................
..................#
#............(!...#
#................#
#.................
#...........#
#....)......## ##
##...h.K......#.
..###....§@.........#
........§○§........#
##.......§........##
#.................#
##...................
##...........)........
#................(..#.
##.........(........##
#..................##


You could see a black bear (inner flame) and a kobold brigand (inner flame).

Vanquished Creatures
  A scorpion (D:6)
  5 wights
  An orc priest (D:4)
  A sleepcap (D:4)
  3 iguanas
  Terence (D:3)
  An orc wizard (D:4)
  Robin (D:2)
  8 adders
  A white imp (D:4)
  3 dart slugs
  10 orcs
  5 ball pythons
  5 bats
  9 endoplasms
  2 giant cockroaches (D:2)
  21 goblins
  14 hobgoblins
  A jackal (D:1)
  8 kobolds
  2 quokkas
  5 rats
108 creatures vanquished.

Vanquished Creatures (collateral kills)
  An endoplasm (D:1)
  A jackal (D:1)
  2 kobolds (D:1)
  A ball python (D:2)
  4 rats
9 creatures vanquished.

Grand Total: 117 creatures vanquished

Notes
Turn   | Place    | Note
-------+----------+-------------------------------------------
     0 | D:1      | Elsrick the Mummy Necromancer began the quest for the Orb.
     0 | D:1      | Reached XP level 1. HP: 13/13 MP: 4/4
    52 | D:1      | Reached XP level 2. HP: 13/19 MP: 1/5
   434 | D:1      | Found Lokhluamu's Armour Shop.
   645 | D:2      | Reached XP level 3. HP: 24/24 MP: 5/7
   735 | D:2      | Identified the +6 rapier of Brawling {elec, SInv}
   930 | D:2      | Noticed a shining eye
   932 | D:2      | Found a faded altar of an unknown god.
   935 | D:2      | Noticed a golden eye
   935 | D:2      | Noticed a shining eye
   935 | D:2      | Noticed a glass eye
   961 | D:2      | Identified the +1 helmet "Vusarch" {Will- Int+2 SInv}
   961 | D:2      | Noticed Robin
  1054 | D:2      | Found Bimixzai's Assorted Antiques.
  1171 | D:2      | Reached XP level 4. HP: 30/30 MP: 2/9
  1234 | D:2      | Killed Robin
  1235 | D:2      | Reached skill level 5 in Necromancy
  1272 | D:2      | Found a broken altar of Ashenzari.
  1459 | D:2      | Upgraded the game from 0.32-a0-872-g59262bdc9b to
                  | 0.32-a0-886-g41c5271027
  1807 | D:2      | Reached XP level 5. HP: 23/35 MP: 12/12
  1900 | D:3      | Noticed Terence
  1908 | D:3      | Killed Terence
  1909 | D:3      | Reached skill level 1 in Short Blades
  2016 | D:2      | Learned a level 3 spell: Frozen Ramparts
  2021 | D:2      | Learned a level 4 spell: Animate Dead
  2086 | D:2      | Reached skill level 5 in Spellcasting
  2086 | D:2      | Reached XP level 6. HP: 30/42 MP: 13/13
  2549 | D:4      | Found a staircase to the Ecumenical Temple.
  2576 | D:4      | Reached skill level 1 in Fighting
  2583 | D:4      | Reached XP level 7. HP: 34/48 MP: 7/15
  2759 | Temple   | Entered the Ecumenical Temple
  2862 | Temple   | Became a worshipper of Makhleb the Destroyer
  2945 | D:4      | You fall into a shaft and drop 2 floors!
  3108 | D:5      | Entered Level 5 of the Dungeon
  3129 | D:6      | Killed by an exploding iguana... ignited by their inner
                  | flame

Illustrated notes

Levels and vault maps discovered:
D:1:      sevenhm_arrival_forest_fort_small_3, layout_rooms, serial_shops,
          nicolae_lakefront_shop, minmay_misc_feat_chi
D:2:      minmay_door_path, layout_basic, serial_shops, shop,
          hellmonk_ecumenical_altar_watching_god, basic_altar,
          minmay_goblin_outpost, uniq_robin
D:3:      layout_rooms, guppyfry_early_lair_pool, uniq_terence
D:4:      layout_cave_pools, kennysheep_little_box, minmay_temple_entry_grid
D:5:      layout_rooms, mainiacjoe_overflow_concentric_impassable,
          enter_ossuary_3, nicolae_half_adder
D:6:      layout_cave_pods, serial_shops, nicolae_lakefront_shop,
          minmay_lizard_king
Temple:   nicolae_temple_elliptical

Skill      XL: |  1  2  3  4  5  6  7 |
---------------+----------------------+-----
Spellcasting   | 3 4 5 6 |  6.1
Necromancy     | 5 6 |  6.0
Dodging        | 2 |  2.7
Short Blades   | 1 2 |  2.4
Fighting       | 1 |  1.2
Stealth        | |  1.9

Action                     |  1- 3 |  4- 6 |  7- 9 || total
---------------------------+-------+-------+-------++-------
  Melee: Unarmed           |    21 |       |       ||    21
         Rapier            |    25 |    84 |    32 ||   141
   Cast: Necrotise         |    56 |    47 |    15 ||   118
         Animate Dead      |       |       |     1 ||     1
    Use: Scroll            |       |       |     1 ||     1
   Stab: Distracted        |     1 |       |       ||     1
         Sleeping          |       |     1 |       ||     1
 Armour: Robe              |    36 |    54 |    42 ||   132
  Dodge: Dodged            |    44 |    76 |    45 ||   165

Table legend: (Time is in decaauts)
 A = Elapsed time spent in this place.
 B = Non-inter-level travel time spent in this place.
 C = Inter-level travel time spent in this place.
 D = Time resting spent in this place.
 E = Time spent auto-exploring this place.
 F = Levels seen in this place.
 G = Mean time per level.
                   A        B        C        D        E       F      G
               +--------+--------+--------+--------+--------+-----+--------+
         Total |   3154 |   2965 |    189 |    590 |    982 |   7 |  450.6 |
       Dungeon |   3035 |   2846 |    189 |    590 |    982 |   6 |  505.8 |
        Temple |    118 |    118 |      0 |      0 |      0 |   1 |  118.0 |
               +--------+--------+--------+--------+--------+-----+--------+

Top non-repeatable levels by time:
     D:2: 1219 daAuts
     D:1: 792 daAuts
     D:3: 676 daAuts
     D:6: 182 daAuts
     D:4: 161 daAuts
  Temple: 118 daAuts
     D:5: 4 daAuts
